Map: Neon Violet Square LE

Players

SpaceTroll - Winner!

  • Race: Terran Terran
  • League: Gold
  • Spawn Location: 5:00

PeyO

  • Race: Terran Terran
  • League: Diamond
  • Spawn Location: 11:00

VOD

Have the link to the VOD?

Description

Cloak opening wins the match

Time

  • Played on: April 30, 2018, 8:13 a.m.
  • Length: 5:18
Show
View Real Time Build Order
Export as new Build Order

SpaceTroll Terran - Winner!

Build Orders: 1/1/1, Banshee Rush 

Get SALT Encoding   

  12  0:00  SCV  
  13  0:13  SCV  
  14  0:18  Supply Depot  
  14  0:25  SCV  
  15  0:29  Refinery  
  15  0:40  SCV  
  16  0:46  Barracks  
  16  0:52  SCV  
  17  1:04  SCV  
  18  1:16  SCV  
  19  1:25  Refinery  
  19  1:33  Orbital Command  
  19  1:34  Factory  
  19  1:49  Reaper  
  20  1:58  SCV  
  21  2:03  Supply Depot  
  21  2:10  SCV  
  22  2:18  Starport  
  23  2:22  SCV  
  23  2:30  Barracks Reactor  
  23  2:32  Factory Tech Lab  
  23  2:34  SCV  
  24  2:46  Command Center  
  24  2:58  SCV  
  25  3:02  Banshee, Factory Tech Lab  
  25  3:04  Cloaking Field  
  28  3:11  Marine x2  
  30  3:18  SCV  
  31  3:37  Supply Depot  
  31  3:58  Banshee, Siege Tank, Marine x2, Orbital Command  
  31  4:01  Refinery  
  39  4:09  SCV  
  40  4:15  Marine x2  
  42  4:21  SCV  
  43  4:38  Marine x2  
  43  4:40  Siege Tank  
  48  4:54  SCV  
  48  4:56  Marine  
  48  4:58  Barracks  
  50  5:06  SCV, Barracks  
  50  5:08  Barracks  
Show
View Real Time Build Order
Export as new Build Order

PeyO Terran 

Build Orders:  

Get SALT Encoding   

  12  0:02  SCV  
  13  0:16  SCV  
  13  0:20  Supply Depot  
  14  0:38  SCV  
  15  0:44  Barracks  
  15  0:48  Refinery  
  15  0:50  SCV  
  16  1:04  SCV  
  17  1:16  SCV  
  18  1:31  Orbital Command  
  18  1:36  Supply Depot, Reaper  
  19  1:43  Refinery  
  19  1:58  SCV  
  20  2:09  Factory  
  20  2:13  SCV  
  21  2:21  Barracks Reactor  
  21  2:25  SCV  
  22  3:05  Supply Depot, Command Center  
  22  3:07  Cyclone x2  
  22  3:08  Barracks Tech Lab  
  22  3:10  SCV  
  29  3:21  Barracks  
  29  3:22  SCV  
  30  3:27  Marine  
  31  3:36  SCV  
  31  3:38  Supply Depot  
  31  3:39  Cyclone  
  35  3:45  Cyclone  
  38  4:06  Marine  
  39  4:10  Barracks Reactor  
  39  4:11  Supply Depot  
  39  4:18  Orbital Command  
  39  4:23  Starport  
Tags
 
Matchup
TvT
Opening
1/1/1
Race
Terran
Spawn Locations
Cross Positions
Strategy
Banshee Rush
Add a new tag
Caveats
  • Supply blocks, unpowered buildings, or Contaminate may cause inaccurate times.
  • Supply counts are checked every 10 seconds.